 Dungeon Crawl Stone Soup version 0.32-a0-460-gc8eefc90e7 (webtiles) character file.

Game seed: 5562057665423221259

65 Morbidden the Shooter (level 4, -6/34 HPs)
             Began as a Formicid Hunter on Feb 24, 2024.
             Mangled by Sigmund
             ... wielding a +0 scythe
              (7 damage)
             ... on level 3 of the Dungeon.
             The game lasted 00:01:40 (1478 turns).

Morbidden the Shooter (Formicid Hunter)             Turns: 1478, Time: 00:01:42

Health: -6/34      AC:  3    Str: 16    XL:     4   Next: 35%
Magic:  4/4        EV: 12    Int:  6    God:
Gold:   99         SH:  0    Dex: 19    Spells: 3/3 levels left

rFire   + . .        a - +0 shortbow
rCold   . . .        (no shield)
rNeg    . . .        c - +0 leather armour
rPois   +            (helmet unavailable)
rElec   .            (no cloak)
rCorr   .            (no gloves)
SInv    +            (no boots)
Will    .....        (no amulet)
Stlth   ++           h - ring of poison resistance
HPRegen 0.25/turn    j - ring of wizardry
MPRegen 0.09/turn

%: wizardry (x1)
@: no status effects
A: permanent stasis, dig shafts and tunnels, antennae 3, four strong arms, dopey
1, fire resistance 1, poison resistance
a: Dig, Shaft Self


You were on level 3 of the Dungeon.
You visited 1 branch of the dungeon, and saw 3 of its levels.

You collected 99 gold pieces.

Inventory:

Hand Weapons
 a - a +0 shortbow (weapon)
Missiles
 l - 2 curare-tipped darts
Armour
 c - a +0 leather armour (worn)
Jewellery
 h - a ring of poison resistance (left hand)
 j - a ring of wizardry (right hand)
Scrolls
 b - a scroll of butterflies
 f - 2 scrolls of fog
 k - a scroll of teleportation {unknown}
 m - a scroll of identify
 n - a scroll of amnesia {unknown}
 q - a scroll of enchant weapon {unknown}
Potions
 d - a potion of invisibility
 i - a potion of haste {unknown}
 o - a potion of degeneration {unknown}
 p - a potion of magic {unknown}
 r - 2 potions of brilliance {unknown}


   Skills:
 * Level 2.6 Fighting
 * Level 5.0 Ranged Weapons
 * Level 1.1 Armour
 * Level 2.1 Dodging
 + Level 1.2 Stealth


You had 3 spell levels left.
You didn't know any spells.
Your spell library contained the following spells:

 Spells                   Type           Power      Damage    Failure   Level
 Lesser Beckoning         Tloc           0%         N/A       34%         2
 Momentum Strike          Conj/Tloc      0%         3d8       34%         2
 Blink                    Tloc           Unusable   N/A       N/A         2

Dungeon Overview and Level Annotations

Branches:
Dungeon (3/15)

Altars:
Okawaru

Annotations:
D:3 Sigmund


Innate Abilities, Weirdness & Mutations

You cannot be hasted, slowed, berserked, paralysed or teleported.
You can dig through walls and to a lower floor.
You have a pair of large antennae on your head. (SInv)
Your four strong arms can wield two-handed weapons with a shield.
You are dopey. (Int -2)
Your flesh is heat resistant. (rF+)
Your system is resistant to poisons. (rPois)


Message History

You shoot an arrow. The arrow barely misses Sigmund.
Sigmund closely misses you.
Unknown command.
It was a potion of curing.
You feel better. Sigmund closely misses you.
Unknown command.
You shoot an arrow. The arrow closely misses Sigmund.
Sigmund closely misses you.
You shoot an arrow. The arrow hits Sigmund.
Sigmund is severely wounded.
You shoot an arrow. The arrow hits Sigmund.
Sigmund is severely wounded.
Sigmund barely misses you.
You shoot an arrow.
The arrow hits Sigmund but does no damage.
Sigmund is severely wounded.
Sigmund barely misses you.
You shoot an arrow. The arrow hits Sigmund.
Sigmund is severely wounded.
Sigmund zaps a wand.
The puff of flame hits you. You resist.
You shoot an arrow. The arrow hits Sigmund.
Sigmund is almost dead.
Sigmund points at you and mumbles some strange words.
The magic dart hits you.
You shoot an arrow. The arrow barely misses Sigmund.
Sigmund zaps a wand.
The puff of flame hits you. You resist. Sigmund hits you with a +0 scythe!
* * * LOW HITPOINT WARNING * * *
You shoot an arrow. The arrow hits Sigmund.
Sigmund is almost dead.
You shoot an arrow. The arrow completely misses Sigmund.
Sigmund gestures at you while chanting. The puff of flame hits you. You resist.
* * * LOW HITPOINT WARNING * * *
Unknown command.
You shoot an arrow. The arrow closely misses Sigmund.
Sigmund gestures at you while chanting. The puff of flame hits you. You resist.
* * * LOW HITPOINT WARNING * * *
Sigmund hits you with a +0 scythe!
You die...
Sigmund begins carving another notch in his scythe.

.... #........
..........#.........
...........#.........
...........#.........
.....................
...........#).......
.............@...#
#.........@.(..##
#...............#
#........######..#
##.....).†##..... .
#................
#................
#................
#................
#................


You could see Sigmund (invisible).

Vanquished Creatures
  An adder (D:2)
  3 dart slugs (D:1)
  2 ribbon worms (D:2)
  An orc (D:3)
  A bat (D:1)
  2 endoplasms
  2 giant cockroaches (D:1)
  5 hobgoblins
  8 ball pythons
  2 frilled lizards
  9 goblins
  4 kobolds
  3 rats
43 creatures vanquished.

Notes
Turn   | Place    | Note
-------+----------+-------------------------------------------
     0 | D:1      | Morbidden the Formicid Hunter began the quest for the Orb.
     0 | D:1      | Reached XP level 1. HP: 16/16 MP: 1/1
    98 | D:1      | Reached XP level 2. HP: 22/22 MP: 2/2
   157 | D:1      | Found a faded altar of an unknown god.
   222 | D:1      | Reached XP level 3. HP: 25/28 MP: 3/3
   768 | D:2      | Reached XP level 4. HP: 34/34 MP: 4/4
   926 | D:2      | Reached skill level 5 in Ranged Weapons
   977 | D:2      | Found an iron altar of Okawaru.
  1057 | D:2      | Reached skill level 1 in Armour
  1451 | D:3      | Noticed Sigmund
  1462 | D:3      | Gained mutation: You occasionally lose the ability to drink
                  | potions when taking damage. [potion of mutation]
  1462 | D:3      | Gained mutation: Your flesh is cold resistant. (rC+)
                  | [potion of mutation]
  1463 | D:3      | Lost mutation: Your flesh is cold resistant. (rC+) [potion
                  | of mutation]
  1463 | D:3      | Lost mutation: You occasionally lose the ability to drink
                  | potions when taking damage. [potion of mutation]
  1463 | D:3      | Gained mutation: You occasionally lose the ability to read
                  | scrolls when taking damage. [potion of mutation]
  1463 | D:3      | Gained mutation: You are dopey. (Int -2) [potion of
                  | mutation]
  1463 | D:3      | Gained mutation: Your magical capacity is low. (-10% MP)
                  | [potion of mutation]
  1464 | D:3      | Lost mutation: You occasionally lose the ability to read
                  | scrolls when taking damage. [potion of mutation]
  1464 | D:3      | Lost mutation: Your magical capacity is low. (-10% MP)
                  | [potion of mutation]
  1464 | D:3      | Gained mutation: Your flesh is heat resistant. (rF+)
                  | [potion of mutation]
  1464 | D:3      | Gained mutation: Your system is resistant to poisons.
                  | (rPois) [potion of mutation]
  1478 | D:3      | HP: 1/34 [Sigmund/puff of flame (3)]
  1478 | D:3      | Mangled by Sigmund

Illustrated notes

Levels and vault maps discovered:
D:1:      dpeg_arrival_shelter, layout_rooms, ebering_ecumenical_altar_rust
D:2:      layout_basic, basic_altar, nicolae_hexahallways
D:3:      layout_basic, marbit_many_paths, trog_butcher_becter, serial_shops,
          shop, serial_bayou_ford_a, uniq_sigmund

Skill      XL: |  1  2  3  4 |
---------------+-------------+-----
Dodging        | 2 |  2.1
Ranged Weapons | 5 |  5.0
Armour         | 1 |  1.1
Fighting       | |  2.6
Stealth        | |  1.2

Action                     |  1- 3 |  4- 6 || total
---------------------------+-------+-------++-------
  Melee: Unarmed           |     4 |       ||     4
   Fire: Shortbow          |    74 |    57 ||   131
    Use: Scroll            |     4 |       ||     4
         Potion            |       |     4 ||     4
 Armour: Leather armour    |    14 |    15 ||    29
  Dodge: Dodged            |    16 |    14 ||    30

Table legend: (Time is in decaauts)
 A = Elapsed time spent in this place.
 B = Non-inter-level travel time spent in this place.
 C = Inter-level travel time spent in this place.
 D = Time resting spent in this place.
 E = Time spent auto-exploring this place.
 F = Levels seen in this place.
 G = Mean time per level.
                   A        B        C        D        E       F      G
               +--------+--------+--------+--------+--------+-----+--------+
         Total |   1499 |   1445 |     54 |      0 |   1167 |   3 |  499.7 |
       Dungeon |   1499 |   1445 |     54 |      0 |   1167 |   3 |  499.7 |
               +--------+--------+--------+--------+--------+-----+--------+

Top non-repeatable levels by time:
     D:2: 893 daAuts
     D:1: 493 daAuts
     D:3: 113 daAuts
